Map: Frostline LE

Players

llllllllllll

  • Race: Terran Terran
  • Spawn Location: 7:00

Lambo - Winner!

  • Race: Zerg Zerg
  • League: Grandmaster
  • Spawn Location: 1:00

VOD

Have the link to the VOD?

Description

Time

  • Played on: March 26, 2025, 1:16 p.m.
  • Length: 9:13
Show
View Real Time Build Order
Export as new Build Order

llllllllllll Terran 

Build Orders: Liberator Opening, Mech 

Get SALT Encoding   

  12  0:00  SCV  
  13  0:12  SCV  
  14  0:18  Supply Depot  
  14  0:24  SCV  
  15  0:40  SCV  
  15  0:42  Barracks  
  16  0:46  Refinery  
  16  0:52  SCV  
  16  0:53  Refinery  
  17  1:04  SCV  
  18  1:16  SCV  
  19  1:29  Orbital Command, Reaper  
  19  1:31  Supply Depot  
  20  1:43  Factory  
  20  1:55  SCV  
  21  2:04  Reaper  
  22  2:18  SCV  
  23  2:27  Hellion  
  23  2:28  Command Center  
  25  2:31  SCV  
  25  2:36  Reaper  
  27  2:43  SCV  
  28  2:46  Starport  
  28  2:52  Hellion  
  28  2:55  Supply Depot, SCV  
  31  3:13  Barracks Reactor  
  31  3:17  Hellion, SCV  
  34  3:25  Liberator  
  37  3:30  SCV  
  38  3:42  SCV  
  38  3:43  Orbital Command  
  38  3:46  Fusion Core  
  39  3:54  SCV  
  40  3:56  Hellion x2  
  44  4:06  SCV  
  44  4:09  Starport Tech Lab  
  45  4:16  SCV  
  46  4:17  Marine  
  46  4:18  SCV  
  48  4:25  Command Center  
  45  4:36  SCV x2  
  47  4:40  Battlecruiser  
  53  4:45  Refinery  
  53  4:47  Refinery  
  51  4:52  Supply Depot  
  51  4:55  SCV x2  
  53  5:05  Supply Depot  
  53  5:07  SCV  
  54  5:14  Hellion x2, SCV  
  54  5:19  SCV  
  58  5:26  SCV, Factory  
  58  5:28  Factory  
  59  5:29  Weapon Refit  
  59  5:31  SCV  
  60  5:39  Orbital Command  
  60  5:40  SCV  
  61  5:43  SCV  
  66  5:55  Battlecruiser  
  68  5:57  SCV x2  
  70  6:05  SCV  
  70  6:09  SCV x2  
  70  6:10  Supply Depot  
  70  6:11  Factory Tech Lab x2  
  73  6:33  Hellion x2, Siege Tank x2  
  73  6:34  SCV x3  
  86  6:45  Supply Depot x2  
  86  6:46  SCV x3  
  87  6:57  Hellion x2  
  87  7:00  SCV x2  
  93  7:07  Siege Tank x2  
  99  7:26  SCV x2  
  99  7:29  Supply Depot x2  
  101  7:32  Factory  
  101  7:33  Factory  
  101  7:39  SCV x2  
  101  7:41  Orbital Command  
  103  7:45  Refinery  
  103  7:46  Refinery  
  103  7:53  SCV x2  
  108  7:58  Cyclone x2  
  108  8:00  Hellion x2  
  115  8:08  SCV x3  
  118  8:15  Engineering Bay, Armory  
  118  8:16  Armory  
  118  8:21  Factory Tech Lab, Factory Reactor  
  118  8:23  Hellion x2, SCV x2  
  123  8:31  Starport Reactor  
  114  8:38  Siege Tank  
  114  8:39  Cyclone, Siege Tank  
  92  8:54  SCV x2  
Show
View Real Time Build Order
Export as new Build Order

Lambo Zerg - Winner!

Build Orders: Hatch First 

Get SALT Encoding   

  12  0:00  Drone  
  13  0:07  Drone  
  14  0:15  Drone, Extractor  
  15  0:34  Hatchery  
  14  0:40  Drone, Extractor  
  15  0:47  Overlord  
  15  1:00  Spawning Pool  
  14  1:05  Drone  
  14  1:08  Drone  
  14  1:11  Drone  
  17  1:16  Drone  
  18  1:27  Drone  
  19  1:38  Drone  
  20  1:46  Drone  
  21  1:47  Queen  
  21  1:48  Queen  
  21  1:50  Drone  
  26  1:57  Drone  
  26  1:59  Overlord  
  27  2:12  Drone  
  27  2:15  Hatchery  
  27  2:18  Drone  
  27  2:21  Drone  
  29  2:28  Queen  
  31  2:30  Drone  
  31  2:32  Drone  
  33  2:37  Overlord  
  33  2:40  Zergling x2  
  33  2:44  Zergling x2  
  35  2:52  Extractor  
  35  2:55  Drone x2  
  36  2:58  Zergling x2  
  36  3:00  Drone x3  
  36  3:01  Queen  
  36  3:03  Drone  
  36  3:05  Drone  
  44  3:15  Roach Warren  
  44  3:19  Overlord  
  43  3:26  Drone  
  43  3:27  Drone x2  
  46  3:28  Queen  
  46  3:32  Drone  
  46  3:33  Evolution Chamber  
  48  3:37  Evolution Chamber  
  47  3:43  Evolution Chamber  
  47  3:45  Overlord  
  47  3:49  Overlord x2  
  47  3:51  Drone x2  
  47  3:54  Drone  
  50  3:55  Drone  
  50  3:57  Spore Crawler  
  50  4:07  Roach x3  
  56  4:10  Roach  
  56  4:11  Roach  
  56  4:14  Drone  
  56  4:15  Drone x2  
  63  4:24  Drone  
  63  4:25  Drone x3  
  63  4:26  Extractor  
  63  4:28  Drone x3  
  69  4:35  Drone x2  
  71  4:41  Roach  
  71  4:43  Drone x5  
  81  4:45  Drone x3  
  81  4:56  Drone  
  82  5:01  Overlord  
  82  5:04  Lair, Overlord  
  82  5:09  Extractor x2  
  82  5:12  Drone x2  
  82  5:14  Overlord  
  82  5:15  Drone, Extractor  
  82  5:16  Extractor  
  82  5:17  Drone  
  82  5:23  Drone x5  
  82  5:25  Drone  
  82  5:27  Zerg Ground Armor Level 1  
  82  5:28  Drone  
  89  5:29  Drone x3  
  89  5:30  Drone  
  89  5:33  Drone x3  
  96  5:38  Drone  
  97  5:45  Zerg Missile Weapons Level 1  
  97  5:46  Overlord  
  97  5:52  Hatchery  
  97  5:53  Roach x5  
  97  5:54  Overlord  
  106  5:57  Overlord  
  106  6:00  Overlord  
  106  6:02  Overlord  
  106  6:05  Overlord  
  106  6:07  Roach x2  
  106  6:08  Overlord, Roach x2  
  114  6:17  Spore Crawler, Spire  
  114  6:18  Spore Crawler  
  107  6:19  Overlord  
  102  6:26  Drone x3  
  102  6:27  Drone  
  102  6:28  Drone  
  102  6:30  Drone  
  103  6:33  Drone x2  
  105  6:41  Drone x5  
  110  6:51  Drone  
  111  6:56  Queen  
  113  7:02  Overlord  
  117  7:10  Overlord  
  117  7:12  Drone, Glial Reconstitution  
  118  7:19  Queen  
  118  7:20  Drone x2  
  122  7:23  Extractor  
  122  7:25  Extractor  
  116  7:31  Corruptor x9  
  116  7:35  Roach x2  
  138  7:38  Drone x3  
  138  7:41  Roach x2  
  145  7:48  Ravager  
  145  7:50  Ravager x5  
  151  7:51  Roach  
  151  7:54  Overlord  
  151  7:55  Overlord  
  151  7:57  Drone  
  151  7:58  Overlord  
  154  7:59  Overlord  
  154  8:01  Overlord  
  154  8:02  Overlord  
  154  8:04  Ravager, Roach x4  
  162  8:07  Drone x2  
  162  8:10  Roach x2  
  162  8:12  Roach  
  172  8:13  Ravager, Roach  
  172  8:18  Roach  
  172  8:19  Roach x2  
  179  8:27  Roach x6  
  183  8:37  Roach  
  183  8:38  Roach x6  
  187  8:41  Roach x2  
  187  8:43  Roach  
  187  8:46  Roach x2  
  181  8:49  Roach x2  
  175  8:58  Ravager x6  
Tags
 
Composition
Mech
Matchup
TvZ
Player
Lambo
Spawn Locations
Cross Positions
Add a new tag
Caveats
  • Supply blocks, unpowered buildings, or Contaminate may cause inaccurate times.
  • Supply counts are checked every 10 seconds.